 Dungeon Crawl Stone Soup version 0.24.1-8-ga250c9d538 (webtiles) character file.

Game seed: 14987921149893103589, levelgen mode: deterministic

2608 H0rd4k the Thaumaturge (level 9, -2/46 HPs)
             Began as a Deep Elf Wizard on Apr 28, 2020.
             Slain by a cyan ugly thing (13 damage)
             ... on level 9 of the Dungeon.
             The game lasted 00:19:08 (8237 turns).

H0rd4k the Thaumaturge (Deep Elf Wizard)            Turns: 8237, Time: 00:19:10

Health: -2/46      AC:  8    Str:  4    XL:     9   Next: 34%
Magic:  20/35      EV: 12    Int: 27    God:
Gold:   474        SH:  0    Dex: 13    Spells: 22/31 levels left

rFire    . . .     SeeInvis .   (no weapon)
rCold    . . .     Gourm    .   (no shield)
rNeg     . . .     Faith    .   G - +2 leather armour {rPois}
rPois    +         Spirit   .   A - +2 helmet
rElec    .         Reflect  .   (no cloak)
rCorr    .         Harm     .   (no gloves)
MR       .....                  (no boots)
Stlth    +++.......             (no amulet)
HPRegen  0.15/turn              t - ring of stealth
MPRegen  0.24/turn              g - ring of magical power

@: no status effects
A: no striking features
a: no special abilities


You were on level 9 of the Dungeon.
You were hungry.

You visited 1 branch of the dungeon, and saw 9 of its levels.
You also visited: Ossuary.

You collected 474 gold pieces.

Inventory:

Hand Weapons
 n - a +4 dagger
Missiles
 F - 11 poisoned darts (quivered)
Armour
 a - a +0 robe
 A - a +2 helmet (worn)
 G - a +2 leather armour of poison resistance (worn)
Jewellery
 b - an uncursed ring of protection from magic
 g - a ring of magical power (right hand)
 h - an uncursed ring of protection from cold
 t - a ring of stealth (left hand)
Wands
 w - a wand of scattershot (6)
 B - a wand of digging (3)
 C - a wand of polymorph (5)
 E - a wand of enslavement (7)
Scrolls
 e - 4 scrolls of identify {unknown}
 f - 3 scrolls of amnesia {unknown}
 j - 9 scrolls of remove curse {unknown}
 l - 2 scrolls of immolation {unknown}
 o - a scroll of fog {unknown}
 r - 2 scrolls of teleportation {unknown}
 u - 2 scrolls of blinking {unknown}
 v - a scroll of vulnerability {unknown}
 y - a scroll of enchant armour {unknown}
 D - a scroll of magic mapping {unknown}
Potions
 c - 2 potions of flight {unknown}
 i - 5 potions of curing
 k - 5 potions of lignification {unknown}
 m - a potion of cancellation {unknown}
 p - 2 potions of might {unknown}
 q - a potion of agility {unknown}
 s - 2 potions of magic {unknown}
 x - a potion of heal wounds {unknown}
 z - a potion of brilliance {unknown}
Comestibles
 d - 9 rations


   Skills:
 + Level 0.4 Fighting
 + Level 3.3 Dodging
 + Level 4.5 Stealth
 + Level 11.6 Spellcasting
 + Level 7.3 Conjurations
   Level 1.1 Summonings
 + Level 1.6 Translocations
 + Level 2.9 Fire Magic
 + Level 1.7 Air Magic
 + Level 2.0 Poison Magic
 + Level 3.7 Evocations


You had 22 spell levels left.
You knew the following spells:

 Your Spells              Type           Power        Failure   Level  Hunger
a - Magic Dart            Conj           ####         1%          1    None
b - Blink                 Tloc           N/A          4%          2    None
c - Conjure Flame         Conj/Fire      #####...     2%          3    None
d - Mephitic Cloud        Conj/Pois/Air  #####...     4%          3    None

Your spell library contained the following spells:

 Spells                   Type           Power        Failure   Level  Hunger
 Call Imp                 Summ           ###.....     6%          2    None
 Animate Skeleton         Necr           N/A          7%          1    None
 Infusion                 Chrm           ###.         7%          1    None
 Pain                     Necr           ###.         7%          1    None
 Shroud of Golubria       Chrm/Tloc      ###...       7%          2    None
 Slow                     Hex            ###.....     10%         2    None
 Song of Slaying          Chrm           ###.....     10%         2    None
 Regeneration             Chrm/Necr      ###.......   21%         3    None
 Spectral Weapon          Hex/Chrm       ###.....     21%         3    None
 Vampiric Draining        Necr           ###.......   21%         3    None
 Animate Dead             Necr           N/A          54%         4    None


Dungeon Overview and Level Annotations

Branches:
Dungeon (9/15)             Temple (0/1) D:6            Lair (0/6) D:8
Ossuary (visited)
    Orc: D:9-12

Altars:
Sif Muna

Shops:
D:4 *

Annotations:
D:5 exclusion: downstairs
D:6 2 transporters
D:8 exclusion: upstairs


Message History

The magic dart hits the crimson imp.
You kill the crimson imp!
Casting: Magic Dart (safe; 1% risk of failure)
Confirm with . or Enter, or press ? or * to list all spells.
Aiming: Magic Dart (safe; 1% risk of failure)
Press: ? - help, Shift-Dir - straight line, f - cyan ugly thing
Aim: a cyan ugly thing The magic dart hits the cyan ugly thing.
The cyan ugly thing is lightly wounded.
Casting: Magic Dart (safe; 1% risk of failure)
Confirm with . or Enter, or press ? or * to list all spells.
You blink.
The cyan ugly thing punches you. The cyan ugly thing shocks you!
Casting: Blink (safe; 4% risk of failure)
Confirm with . or Enter, or press ? or * to list all spells.
You blink.
A gnoll sergeant comes into view. It is wielding a +0 trident.
The cyan ugly thing punches you!
* * * LOW HITPOINT WARNING * * *
The cyan ugly thing shocks you!
You die...

##### ##...##
##..#..### #..###...#
###.##§##..##
#...§uO#....##
........#.##@##.#..##
.>.....####...####..##
......##....8...[##..##
.....# ####...######..#
.#..# ##c## #?##.#####
.... #.# #.#......##
..# #.....# #.##.#....#
#..g..##. ####...##
....8.... ..%##....


You could see a cyan ugly thing, an ogre, a gnoll sergeant and a centaur
(confused).

Vanquished Creatures
  Pikel (D:8)
  A komodo dragon (D:8)
  A hornet (D:8)
  A sky beast (D:6)
  A black bear (D:5)
  2 phantoms (D:6)
  A big kobold (D:8)
  An elf zombie (Ossuary)
  2 bullfrogs (D:8)
  A wyvern zombie (D:6)
  A scorpion (D:4)
  2 howler monkeys
  4 crimson imps
  3 human zombies (Ossuary)
  An orc priest (D:6)
  2 hounds
  3 orc wizards
  2 bullfrog skeletons (D:6)
  2 iguanas
  Jessica (D:3)
  Terence (D:2)
  2 worker ants
  A big kobold zombie (Ossuary)
  A hound skeleton (D:5)
  2 mummies (Ossuary)
  Robin (D:1)
  3 adders
  2 shadow imps
  2 oozes
  2 adder skeletons
  An adder zombie (Ossuary)
  A worm (D:2)
  A dart slug (D:3)
  8 leopard geckos
  28 orcs
  6 bats
  5 giant cockroaches
  13 goblins
  5 hobgoblins
  7 jackals
  7 kobolds
  A quokka (D:6)
  5 ball pythons
  4 frilled lizards
  8 hobgoblin zombies (Ossuary)
  4 jackal zombies (Ossuary)
  9 kobold zombies (Ossuary)
  A leopard gecko skeleton (D:5)
  A leopard gecko zombie (D:5)
  10 orc zombies (Ossuary)
  A quokka skeleton (D:9)
  4 rats
180 creatures vanquished.

Vanquished Creatures (others)
  3 slaves (D:8)
  3 plants (D:8)
6 creatures vanquished.

Grand Total: 186 creatures vanquished

Notes
Turn   | Place    | Note
-------+----------+-------------------------------------------
     0 | D:1      | H0rd4k the Deep Elf Wizard began the quest for the Orb.
     0 | D:1      | Reached XP level 1. HP: 10/10 MP: 7/7
   222 | D:1      | Reached skill level 5 in Spellcasting
   222 | D:1      | Reached XP level 2. HP: 15/15 MP: 5/10
   925 | D:2      | Noticed Robin
  1049 | D:2      | Noticed Terence
  1275 | D:2      | Reached XP level 3. HP: 19/19 MP: 6/11
  1514 | D:3      | Learned a level 2 spell: Blink
  1518 | D:3      | Learned a level 3 spell: Conjure Flame
  1522 | D:3      | Learned a level 3 spell: Mephitic Cloud
  1755 | D:2      | Killed Terence
  1913 | D:2      | Reached XP level 4. HP: 24/24 MP: 4/13
  2165 | D:2      | Reached skill level 6 in Spellcasting
  2599 | D:1      | Killed Robin
  2783 | D:3      | Noticed Jessica
  2791 | D:3      | Killed Jessica
  2870 | D:3      | Reached XP level 5. HP: 28/28 MP: 13/15
  3524 | D:4      | Noticed a phantom
  3750 | D:4      | Found a sand-covered staircase.
  3755 | Ossuary  | Entered an ossuary
  3970 | Ossuary  | Reached skill level 7 in Spellcasting
  4153 | Ossuary  | Reached XP level 6. HP: 32/32 MP: 3/18
  4410 | Ossuary  | Reached skill level 1 in Fire Magic
  4637 | D:4      | Found Otionoij's General Store.
  4853 | D:4      | Reached XP level 7. HP: 36/36 MP: 10/20
  5077 | D:5      | Entered Level 5 of the Dungeon
  5217 | D:5      | Reached skill level 8 in Spellcasting
  5597 | D:5      | Reached skill level 5 in Conjurations
  6015 | D:5      | Reached skill level 9 in Spellcasting
  6198 | D:6      | Found a transporter.
  6267 | D:6      | Reached XP level 8. HP: 29/41 MP: 12/23
  6312 | D:6      | Found a transporter.
  6376 | D:6      | Reached skill level 1 in Poison Magic
  6384 | D:6      | Found a staircase to the Ecumenical Temple.
  6589 | D:6      | Reached skill level 10 in Spellcasting
  6589 | D:6      | Reached skill level 1 in Air Magic
  7131 | D:8      | Noticed Pikel
  7139 | D:8      | Killed Pikel
  7155 | D:8      | Noticed a hornet
  7210 | D:8      | Reached skill level 11 in Spellcasting
  7210 | D:8      | Reached XP level 9. HP: 37/46 MP: 8/26
  7483 | D:8      | Found a shimmering blue altar of Sif Muna.
  7807 | D:8      | Found a staircase to the Lair.
  7808 | D:8      | Noticed a komodo dragon
  7854 | D:8      | Killed a komodo dragon
  8199 | D:9      | Noticed a cyan ugly thing
  8237 | D:9      | Slain by a cyan ugly thing

Levels and vault maps discovered:
D:1:      dpeg_arrival_connections, layout_basic
D:2:      layout_loops_cross, first_ration, uniq_robin, uniq_terence
D:3:      layout_basic, uniq_jessica
D:4:      layout_gridville, enter_ossuary_2, serial_shops, shop_statue
D:5:      layout_loops_ring
D:6:      gammafunk_cloud_chamber, layout_gridville, temple_statues
D:7:      layout_basic, grunt_ogre_cave
D:8:      layout_gridville, david_lair_shrubbed, lemuel_blue_sif_altar,
          uniq_pikel
D:9:      layout_cross, okawaru_humans, minmay_fractal_squares_gapless_7

Skill      XL: |  1  2  3  4  5  6  7  8  9 |
---------------+----------------------------+-----
Spellcasting   | 5 6 7 9 11 | 11.6
Stealth        | 3 4 |  4.5
Conjurations   | 2 3 4 5 6 7 |  7.3
Dodging        | 3 |  3.3
Fire Magic     | 1 2 |  2.9
Poison Magic   | 1 2 |  2.0
Air Magic      | 1 |  1.7
Evocations     | 2 3 |  3.7
Fighting       | |  0.4
Summonings     | |  1.1
Translocations | |  1.6

Action                   |  1- 3 |  4- 6 |  7- 9 || total
-------------------------+-------+-------+-------++-------
Melee: Unarmed           |     1 |       |       ||     1
 Cast: Magic Dart        |    74 |   153 |   187 ||   414
       Conjure Flame     |     1 |    21 |    26 ||    48
       Mephitic Cloud    |     1 |     2 |    12 ||    15
       Blink             |       |       |     5 ||     5
  Eat: Chunk             |     3 |     6 |     9 ||    18
       Ration            |       |     1 |       ||     1
Armor: Robe              |     5 |     5 |    11 ||    21
       Leather armour    |       |       |     2 ||     2
Dodge: Dodged            |    31 |    29 |    33 ||    93
